 Dungeon Crawl Stone Soup version 0.28-a0-1493-g08698888e4 (webtiles) character file.

Game seed: 7381442662430641952

1973 bande the Covered (level 9, -14/54 HPs)
             Began as a Gargoyle Fighter on Jan 13, 2022.
             Was a Follower of Okawaru.
             Killed from afar by Joseph (32 damage)
             ... with a bolt of acid
             ... on level 8 of the Dungeon.
             The game lasted 00:13:57 (7975 turns).

bande the Covered (Gargoyle Fighter)                Turns: 7975, Time: 00:13:57

Health: -14/54     AC: 14    Str: 32    XL:     9   Next: 20%
Magic:  10/10      EV:  9    Int:  9    God:    Okawaru [*.....]
Gold:   316        SH:  5    Dex: 13    Spells: 8/8 levels left

rFire   . . .      SeeInvis .   a - +1 war axe (flame)
rCold   . . .      Faith    .   h - orb {*Rage}
rNeg    + . .      Spirit   .   w - +1 chain mail {rPois}
rPois   ∞          Reflect  +   (no helmet)
rElec   +          Harm     .   (no cloak)
rCorr   .          Rampage  .   (no gloves)
Will    .....      Rage     20% (no boots)
Stlth   ..........              p - amulet of reflection
HPRegen 0.18/turn               j - +6 ring of strength
MPRegen 0.12/turn               r - +6 ring of strength

@: corroded
A: sickness immunity, AC +6, negative energy resistance 1, electricity
resistance, torment resistance 1, petrification resistance
a: Renounce Religion, Heroism


You were on level 8 of the Dungeon.
You worshipped Okawaru.
Okawaru was aware of your devotion.
You visited 2 branches of the dungeon, and saw 9 of its levels.

You collected 316 gold pieces.

Inventory:

Hand Weapons
 a - a +1 war axe of flaming (weapon)
 b - a +0 war axe
Armour
 c - a +0 buckler
 h - an orb of wrath (worn)
 w - a +1 chain mail of poison resistance (worn)
Jewellery
 j - a +6 ring of strength (left hand)
 p - an amulet of reflection (around neck)
 r - a +6 ring of strength (right hand)
Wands
 u - a wand of flame (16)
 v - a wand of digging (4)
Scrolls
 n - 2 scrolls of teleportation
 t - a scroll of enchant weapon
Potions
 d - 2 potions of haste
 e - a potion of berserk rage
 f - 2 potions of cancellation
 g - a potion of brilliance {unknown}
 i - a potion of experience {unknown}
 k - a potion of invisibility {unknown}
 l - 2 potions of resistance
 o - a potion of heal wounds {unknown}
 q - a potion of attraction {unknown}
 s - a potion of ambrosia {unknown}


   Skills:
 + Level 5.5 Fighting
 + Level 7.1 Axes
 + Level 7.2 Armour
 - Level 0.2 Stealth
 + Level 5.8 Shields
 * Level 2.1 Invocations
 * Level 1.6 Evocations


You had 8 spell levels left.
You didn't know any spells.
Your spell library contained the following spells:

 Spells                   Type           Power      Damage    Failure   Level
 Apportation              Tloc           0%         N/A       86%         1
 Frozen Ramparts          Ice            0%         1d2       99%         3
 Ice Form                 Ice/Tmut       0%         N/A       100%        4
 Alistair's Intoxication  Tmut/Pois      0%         N/A       100%        5
 Borgnjor's Vile Clutch   Necr/Erth      0%         N/A       100%        5
 Eringya's Noxious Bog    Tmut/Pois      0%         N/A       100%        6
 Summon Small Mammal      Summ           Unusable   N/A       N/A         1
 Call Canine Familiar     Summ           Unusable   N/A       N/A         3
 Summon Guardian Golem    Hex/Summ       Unusable   N/A       N/A         3
 Summon Ice Beast         Ice/Summ       Unusable   N/A       N/A         4

Dungeon Overview and Level Annotations

Branches:
Dungeon (8/15)             Temple (1/1) D:7
   Lair: D:8-11

Altars:
Ashenzari
Cheibriados
Dithmenos
Gozag
Makhleb
Okawaru
Qazlal
Trog
Xom
The Shining One

Shops:
D:2 =   D:5 :

Annotations:
D:8 exclusion: ice statue, Joseph


Innate Abilities, Weirdness & Mutations

You are immune to sickness and miasma.
Your stone body is resilient. (AC +6)
You are immune to poison.
You resist negative energy. (rN+)
You are resistant to electric shocks. (rElec)
You are resistant to unholy torment.
You are immune to petrification.


Message History

You start waiting.
You recover from your berserk rage.
Joseph, a Mercenary comes into view.
He is wielding a +0 quarterstaff and carrying a wand of acid (7).
Joseph shouts!
Joseph unwields a +0 quarterstaff.
Joseph wields a +0 hunting sling.
Joseph shoots a sling bullet.
The sling bullet hits you!
Joseph is nearby!
Found 15 stones and a ring mail.
Joseph shoots a sling bullet.
You reflect the sling bullet off an invisible shield around you!
The sling bullet hits Joseph.
Joseph says, "You must be punished!
Or...
I want to punish you!"
A wight comes into view. It is wielding a +0 spear.
Joseph zaps a wand.
The bolt of acid hits you.
A wight comes into view. It is wielding a +0 flail.
Joseph zaps a wand.
The bolt of acid hits you!!
You are too injured to fight recklessly!
You are too injured to fight recklessly!
You are too injured to fight recklessly!
You are too injured to fight recklessly!
You are too injured to fight recklessly!
You are too injured to fight recklessly!
You are too injured to fight recklessly!
You are too injured to fight recklessly!
You are too injured to fight recklessly!
You are too injured to fight recklessly!
Joseph unwields a +0 hunting sling.
Joseph wields a +0 quarterstaff.
Joseph barely misses you. The wight hits you but does no damage.
You closely miss Joseph.
Joseph is lightly wounded.
Joseph zaps a wand.
The bolt of acid hits you but does no damage.
The acid corrodes you! The wight hits you but does no damage.
You hit Joseph but do no damage.
Joseph is lightly wounded.
You block Joseph's attack. You block the wight's attack.
You closely miss Joseph.
Joseph is lightly wounded.
Joseph zaps a wand.
The bolt of acid hits you!!
Ouch! That really hurt!
You die...

....#
#..(............
#...##.#####.####.##.
#......#####.####.##.
#...#....†...........
#.......####.........
.
#.............####.##
...#.####...#.#.##
#†##
.....#.#.#.(.####
#..# #....@.......#
#... #.#..@.........#
##.. #.zz..##.#..#.#
#.. ##.#..##[##...#
#.. #.#..# .. ....
#.. . ...# ### ###
#.. . ....# #.. ..
..... #.. #..


You could see Joseph and 2 wights.

Vanquished Creatures
  2 water moccasins
  An orc warrior (D:7)
  A sky beast (D:8)
  2 ice beasts
  An ogre (D:7)
  A necrophage (D:6)
  2 phantoms (D:4)
  2 bullfrogs (D:7)
  A gnoll sergeant (D:6)
  A water moccasin skeleton (D:6)
  3 killer bees (D:8)
  2 centaur zombies (D:6)
  An orc priest (D:6)
  2 hounds (D:4)
  3 jellies
  2 bullfrog skeletons (D:6)
  A centaur skeleton (D:6)
  2 iguanas
  3 orc wizards
  A hound skeleton (D:4)
  9 gnolls
  7 adders
  A shadow imp (D:6)
  A white imp (D:5)
  3 worms
  A dart slug (D:1)
  13 orcs
  5 ball pythons
  3 endoplasms
  2 giant cockroaches
  6 goblins
  8 hobgoblins
  9 jackals
  3 quokkas
  2 bats (D:3)
  2 frilled lizards
  6 kobolds
  4 rats
119 creatures vanquished.

Vanquished Creatures (others)
  2 plants (D:3)
2 creatures vanquished.

Grand Total: 121 creatures vanquished

Notes
Turn   | Place    | Note
-------+----------+-------------------------------------------
     0 | D:1      | bande the Gargoyle Fighter began the quest for the Orb.
     0 | D:1      | Reached XP level 1. HP: 14/14 MP: 1/1
   377 | D:1      | Reached XP level 2. HP: 19/19 MP: 2/2
   946 | D:2      | Reached XP level 3. HP: 23/23 MP: 3/3
  1153 | D:2      | Found Rollair Irac's Jewellery Boutique.
  1830 | D:3      | Reached XP level 4. HP: 27/29 MP: 4/4
  1899 | D:3      | Found a faded altar of an unknown god.
  2284 | D:3      | You fall into a shaft and drop 2 floors!
  2284 | D:5      | Entered Level 5 of the Dungeon
  2483 | D:4      | Reached XP level 5. HP: 21/33 MP: 5/5
  3013 | D:4      | Reached XP level 6. HP: 38/38 MP: 6/6
  4156 | D:5      | Reached skill level 5 in Armour
  4168 | D:5      | HP: 1/39 [phantom (2)]
  4195 | D:4      | Reached XP level 7. HP: 14/44 MP: 7/7
  4720 | D:5      | Reached skill level 5 in Axes
  5469 | D:5      | Found Xenleof's Book Emporium.
  5772 | D:6      | Found the +6 Majin-Bo {vamp, MP+6 Int+6}
  5860 | D:6      | Reached XP level 8. HP: 47/48 MP: 8/8
  5952 | D:6      | Reached skill level 5 in Fighting
  5952 | D:6      | Reached skill level 5 in Shields
  6953 | D:7      | Found a staircase to the Ecumenical Temple.
  6963 | Temple   | Entered the Ecumenical Temple
  6972 | Temple   | Became a worshipper of Warmaster Okawaru
  7073 | D:7      | Reached skill level 1 in Invocations
  7191 | D:7      | Reached skill level 1 in Evocations
  7191 | D:7      | Reached XP level 9. HP: 54/54 MP: 8/10
  7702 | D:8      | Noticed an ice statue
  7729 | D:8      | Identified the +10 quarterstaff "Hesynk" {vorpal, rCorr}
  7925 | D:8      | Reached * piety under Okawaru
  7967 | D:8      | Noticed Joseph
  7975 | D:8      | Killed from afar by Joseph

Illustrated notes

Levels and vault maps discovered:
D:1:      minmay_arrival_hallway, layout_basic
D:2:      layout_basic, serial_shops, shop, chequers_arboretum,
          lemuel_flame_loot_1
D:3:      layout_loops_corners, serial_bayou, serial_bayou_lagoon_a,
          serial_bayou_shore_b, serial_bayou_crossing, serial_bayou_shore_b,
          shapermc_ecumenical_altar_mp_highgroup, minmay_box_of_dots
D:4:      layout_gridville
D:5:      layout_cave_pools, serial_shops, kennysheep_mini_moat,
          kennysheep_generic_room_7
D:6:      layout_loops_ring, minmay_misc_feat_rugged
D:7:      layout_loops_cross, minmay_temple_entry_large_hall, minivault_14
D:8:      minmay_statue_hallways, layout_loops_ring,
          mainiacjoe_overflow_surrounded_room, hangedman_abyss_or_decor_slice,
          nicolae_shop_unique_rings, minivault_19, grunt_ministairs_13,
          kennysheep_crisscross, uniq_joseph, uniq_grum
Temple:   compressed_dpeg_triangle_lava_temple

Skill      XL: |  1  2  3  4  5  6  7  8  9 |
---------------+----------------------------+-----
Axes           | 2 3 4 5 6 7 |  7.1
Armour         | 4 5 7 |  7.2
Fighting       | 4 5 |  5.5
Shields        | 4 5 |  5.8
Invocations    | 1 2 |  2.1
Evocations     | 1 |  1.6
Stealth        | |  0.2

Action                   |  1- 3 |  4- 6 |  7- 9 || total
-------------------------+-------+-------+-------++-------
Melee: War axe           |    84 |    88 |   154 ||   326
  Use: Scroll            |     5 |     6 |     6 ||    17
       Potion            |       |     5 |       ||     5
Armor: Scale mail        |    43 |    51 |    36 ||   130
       Chain mail        |       |       |    46 ||    46
Dodge: Dodged            |    38 |    43 |    76 ||   157
Block: Buckler           |    20 |       |       ||    20
       Orb               |       |     7 |    41 ||    48
       Reflection        |       |       |     2 ||     2

Table legend: (Time is in decaauts)
 A = Elapsed time spent in this place.
 B = Non-inter-level travel time spent in this place.
 C = Inter-level travel time spent in this place.
 D = Time resting spent in this place.
 E = Time spent auto-exploring this place.
 F = Levels seen in this place.
 G = Mean time per level.
                   A        B        C        D        E       F      G
               +--------+--------+--------+--------+--------+-----+--------+
         Total |   8328 |   8249 |     79 |   2527 |   4388 |   9 |  925.3 |
       Dungeon |   8311 |   8232 |     79 |   2527 |   4388 |   8 | 1038.9 |
        Temple |     16 |     16 |      0 |      0 |      0 |   1 |   16.0 |
               +--------+--------+--------+--------+--------+-----+--------+

Top non-repeatable levels by time:
     D:4: 1561 daAuts
     D:5: 1458 daAuts
     D:3: 1241 daAuts
     D:7: 1224 daAuts
     D:6: 918 daAuts
     D:2: 825 daAuts
     D:1: 725 daAuts
     D:8: 355 daAuts
  Temple: 16 daAuts
